 Dungeon Crawl Stone Soup version 0.31-a0-640-g39d97e502b (webtiles) character file.

Game seed: 7730779354614007300

15563 sircluck the Grappler (level 12, -18/126 HPs)
             Began as a Troll Berserker on Aug 25, 2023.
             Was a High Priest of Trog.
             Demolished by a large slime creature (36 damage)
             ... on level 12 of the Dungeon on Aug 28, 2023.
             The game lasted 00:21:27 (10196 turns).

sircluck the Grappler (Troll Berserker)            Turns: 10196, Time: 00:21:28

Health: -18/126    AC:  8    Str: 32    XL:     12   Next: 2%
Magic:  0/11       EV: 12    Int:  3    God:    Trog [*****.]
Gold:   665        SH:  0    Dex:  9    Spells: 11/11 levels left

rFire   + .          .
                       - Unarmed
rCold   . . .        (no shield)
rNeg    + . .        W - +0 troll leather armour
rPois   +            (helmet restricted)
rElec   .            J - +2 cloak {rPois}
rCorr   .            (gloves unavailable)
SInv    .            (boots unavailable)
Will    .....        v - amulet of guardian spirit
Stlth   +            B - ring of positive energy
HPRegen 2.01/turn    y - ring of protection from fire
MPRegen 0.12/turn

%: guardian spirit
@: no status effects
A: large, unfitting armour, claws 3, regeneration 1, shaggy fur 1, tough skin 1
a: Renounce Religion, Berserk, Trog's Hand, Brothers in Arms


You were on level 12 of the Dungeon.
You worshipped Trog.
Trog was extremely pleased with you.
You visited 1 branch of the dungeon, and saw 11 of its levels.
You also visited: Ossuary.

You collected 903 gold pieces.
You spent 238 gold pieces at shops.

Inventory:

Hand Weapons
 M - the +3 dagger of Law {freeze, rElec rN+ Stlth+}
   (You took it off an orc on level 8 of the Dungeon)

   rElec:     It insulates you from electricity.
   rN+:       It protects you from negative energy.
   Stlth+:    It makes you more stealthy.
 U - the +7 flail "Naxof" {drain, rElec rF+ Will- Dex+2}
   (You found it on level 9 of the Dungeon)

   Dex+2:     It affects your dexterity (+2).
   rF+:       It protects you from fire.
   rElec:     It insulates you from electricity.
   Will-:     It decreases your willpower.
Missiles
 d - 78 stones
 g - 4 javelins
 s - 2 atropa-tipped darts
 t - 4 large rocks
 w - 32 poisoned darts
 A - 9 boomerangs
 L - 2 darts of dispersal
 O - a curare-tipped dart
Armour
 a - a +0 animal skin
 E - a +0 cloak
 J - a +2 cloak of poison resistance (worn)
 W - a +0 troll leather armour (worn)
Jewellery
 v - an amulet of guardian spirit (around neck)
 y - a ring of protection from fire (right claw)
 B - a ring of positive energy (left claw)
 F - a ring of ice
 S - the ring "Daugaax" {rElec rF+ rN+ Int+5}
   (You found it on level 9 of the Dungeon)

   [ring of protection from fire]

   Int+5:     It affects your intelligence (+5).
   rF+:       It protects you from fire.
   rElec:     It insulates you from electricity.
   rN+:       It protects you from negative energy.
Wands
 o - a wand of digging (8)
 u - a wand of paralysis (8)
 K - a wand of mindburst (5)
 N - a wand of polymorph (4)
Scrolls
 f - 3 scrolls of amnesia
 l - 2 scrolls of vulnerability
 m - 2 scrolls of enchant armour
 p - a scroll of revelation
 D - 2 scrolls of blinking
 G - 4 scrolls of teleportation
 H - a scroll of fear
 Q - a scroll of identify
 V - a scroll of immolation {unknown}
Potions
 b - a potion of cancellation
 c - 3 potions of magic
 e - 3 potions of lignification
 h - 6 potions of curing
 i - 3 potions of brilliance {unknown}
 j - 4 potions of attraction
 k - a potion of heal wounds
 n - 2 potions of mutation {unknown}
 q - 2 potions of haste {unknown}
 r - 4 potions of might
 x - a potion of resistance {unknown}
 z - 2 potions of ambrosia
 C - a potion of enlightenment {unknown}
 I - a potion of berserk rage {unknown}
Miscellaneous
 P - a sack of spiders
 R - a phial of floods
 T - a lightning rod (4/4)


   Skills:
 + Level 10.1 Fighting
 + Level 10.0 Dodging
 + Level 11.7 Unarmed Combat


You had 11 spell levels left.
You didn't know any spells.
Your spell library was empty.

Dungeon Overview and Level Annotations

Branches:
Dungeon (10/15)            Temple (0/1) D:5            Lair (0/5) D:8
Ossuary (visited)
    Orc: D:9-12

Altars:
Ashenzari
Cheibriados
Dithmenos
Elyvilon
Qazlal
Sif Muna
Trog

Shops:
D:3 (   D:6 ?   D:12 [


Innate Abilities, Weirdness & Mutations

You are too large for most types of armour.
You have claws for hands.
Your natural rate of healing is unusually fast.
You are covered in fur. (AC +1)
You have tough skin. (AC +1)


Message History

You continue putting on your +0 troll leather armour. x5
You finish putting on your +0 troll leather armour.
The armour throbs as it attunes itself to your uninjured body.
A slime creature comes into view.
The slime creature quivers.
A slime creature comes into view.
A slime creature comes into view.
Two slime creatures merge to form a large slime creature.
The slime creature hits you!!
You barely miss the slime creature. The slime creature hits you!
You scratch the slime creature.
The slime creature is lightly wounded.
The large slime creature hits you!!! The slime creature hits you!
You mangle the large slime creature!!
The large slime creature is moderately wounded.
You mangle the large slime creature!!
The large slime creature is heavily wounded.
The slime creature closely misses you. The large slime creature hits you!
You barely miss the large slime creature.
The large slime creature is heavily wounded.
The slime creature hits you but does no damage.
The large slime creature hits you!
You barely miss the large slime creature.
The large slime creature is heavily wounded.
The large slime creature hits you but does no damage.
The slime creature hits you!
* * * LOW HITPOINT WARNING * * *
You mangle the large slime creature!!
The large slime creature is severely wounded.
The large slime creature closely misses you.
The slime creature hits you!
* * * LOW HITPOINT WARNING * * *
You barely miss the large slime creature.
The large slime creature is severely wounded.
You claw the large slime creature!
The large slime creature is severely wounded.
The slime creature hits you!
* * * LOW HITPOINT WARNING * * *
The large slime creature hits you!!!
You die...

#.#.### #####
##.#...# ......
##...##.# .#####
##...†.#.##
#.........### ####
#.#................
#.........##..#####
##..#..#.## #
#@###...# #
#JJ#.##..... ..
#.#.#######. ...
#.#...... .##
#...### #...# ##..#
.... ..###


You could see a large slime creature and a slime creature.

Vanquished Creatures
  4 two-headed ogres
  A deep elf pyromancer (D:9)
  An ugly thing (D:9)
  A gargoyle (D:10)
  A kobold demonologist (D:12)
  A komodo dragon (D:9)
  A tengu conjurer (D:9)
  3 trolls
  A merfolk (D:8)
  2 hornets
  7 wyverns
  A hog (D:8)
  8 yaks (D:8)
  A vampire (D:9)
  A basilisk (D:12)
  2 acid dragons
  3 water moccasins
  14 black bears
  10 orc warriors
  An ogre (D:6)
  6 centaurs
  A phantom (D:5)
  An elf zombie (Ossuary)
  5 kobold brigands
  8 bullfrogs
  4 gnoll sergeants
  5 scorpions
  6 wights
  4 killer bees (D:9)
  3 howler monkeys (D:7)
  10 electric eels (D:8)
  A jelly (D:5)
  Crazy Yiuf (D:7)
  7 orc priests
  2 gnoll boudas (D:8)
  A hound (D:4)
  2 sleepcaps
  10 orc wizards
  4 iguanas
  2 hound zombies (Ossuary)
  5 mummies
  6 adders
  13 gnolls
  An adder (shapeshifter) (D:9)
  2 shadow imps (D:6)
  5 white imps
  3 worms
  2 dart slugs
  18 orcs
  5 ball pythons
  2 bats
  11 endoplasms
  A giant cockroach (D:4)
  38 hobgoblins
  3 quokkas
  3 frilled lizards
  35 goblins
  3 goblin zombies (Ossuary)
  A hobgoblin zombie (Ossuary)
  A jackal zombie (Ossuary)
  25 kobolds
  2 kobold zombies (Ossuary)
  An orc zombie (Ossuary)
  7 rats
  A rat zombie (Ossuary)
341 creatures vanquished.

Vanquished Creatures (collateral kills)
  A two-headed ogre (D:9)
1 creature vanquished.

Grand Total: 342 creatures vanquished

Notes
Turn   | Place    | Note
-------+----------+-------------------------------------------
     0 | D:1      | sircluck the Troll Berserker began the quest for the Orb.
     0 | D:1      | Reached XP level 1. HP: 22/22 MP: 0/0
   126 | D:1      | Reached XP level 2. HP: 28/29 MP: 1/1
   922 | D:2      | Reached ** piety under Trog
  1073 | D:2      | Reached XP level 3. HP: 36/36 MP: 2/2
  1375 | D:3      | Found Hien's Antique Weapon Shoppe.
  1812 | D:3      | Reached XP level 4. HP: 45/45 MP: 3/3
  1928 | D:3      | Reached *** piety under Trog
  1978 | D:3      | Reached skill level 4 in Unarmed Combat
  2040 | D:3      | Reached XP level 5. HP: 44/53 MP: 4/4
  2085 | D:3      | Reached **** piety under Trog
  2112 | D:3      | HP: 1/53 [gnoll/+0 spear (7)]
  2518 | D:4      | Reached XP level 6. HP: 31/62 MP: 5/5
  3014 | D:4      | Reached skill level 5 in Unarmed Combat
  3115 | D:4      | Reached XP level 7. HP: 47/71 MP: 6/6
  3195 | D:4      | Found a broken altar of Ashenzari.
  3485 | D:5      | Entered Level 5 of the Dungeon
  3715 | D:5      | Found a white marble altar of Elyvilon.
  3843 | D:5      | Reached ***** piety under Trog
  3877 | D:5      | Reached skill level 5 in Fighting
  3882 | D:5      | Reached skill level 5 in Dodging
  3885 | D:5      | Reached skill level 6 in Unarmed Combat
  3892 | D:5      | Reached XP level 8. HP: 72/80 MP: 7/7
  4130 | D:5      | Found a staircase to the Ecumenical Temple.
  4201 | D:5      | Noticed a hornet
  4206 | D:5      | Paralysed by a hornet for 2 turns
  4209 | D:5      | Killed a hornet
  4489 | D:6      | Reached skill level 7 in Unarmed Combat
  4508 | D:6      | Found a stormy altar of Qazlal.
  4769 | D:6      | Reached XP level 9. HP: 86/89 MP: 8/8
  4856 | D:6      | Found The Oracle's Delphic Readings.
  4861 | D:6      | Bought a scroll of identify for 28 gold pieces
  4861 | D:6      | Bought a scroll of enchant armour for 105 gold pieces
  4861 | D:6      | Bought a scroll of blinking for 105 gold pieces
  4862 | D:6      | Upgraded the game from 0.31-a0-632-g766dd24fdf to
                  | 0.31-a0-640-g39d97e502b
  5030 | D:6      | Noticed a troll
  5061 | D:6      | Killed a troll
  5197 | D:7      | Found a sand-covered staircase.
  5222 | Ossuary  | Entered an ossuary
  5235 | Ossuary  | Reached skill level 8 in Unarmed Combat
  5680 | D:7      | Found a bloodstained altar of Trog.
  5687 | D:7      | Found a shadowy altar of Dithmenos.
  5833 | D:7      | Found a runed translucent door.
  5834 | D:7      | Noticed Crazy Yiuf
  5845 | D:7      | Killed Crazy Yiuf
  6347 | D:8      | Reached XP level 10. HP: 92/102 MP: 9/9
  6523 | D:8      | Reached skill level 9 in Unarmed Combat
  6681 | D:8      | Received a gift from Trog
  7094 | D:8      | Noticed a two-headed ogre
  7102 | D:8      | Killed a two-headed ogre
  7277 | D:8      | Found a shimmering blue altar of Sif Muna.
  7362 | D:8      | Found a staircase to the Lair.
  7377 | D:8      | Reached skill level 10 in Unarmed Combat
  7570 | D:8      | Identified the +3 dagger of Law {freeze, rElec rN+ Stlth+}
  7702 | D:8      | Reached XP level 11. HP: 95/113 MP: 7/10
  7908 | D:8      | Noticed a two-headed ogre
  7926 | D:8      | Killed a two-headed ogre
  8143 | D:8      | Received a gift from Trog
  9299 | D:9      | Found a snail-covered altar of Cheibriados.
  9493 | D:9      | Noticed a deep elf pyromancer
  9493 | D:9      | Noticed a two-headed ogre
  9494 | D:9      | Noticed a cyan ugly thing
  9494 | D:9      | Noticed a two-headed ogre
  9513 | D:9      | Killed a two-headed ogre
  9514 | D:9      | Reached skill level 11 in Unarmed Combat
  9514 | D:9      | Killed a deep elf pyromancer
  9517 | D:9      | Killed a two-headed ogre
  9667 | D:9      | Killed a cyan ugly thing
  9737 | D:9      | Identified the ring "Daugaax" {rElec rF+ rN+ Int+5}
  9739 | D:9      | Identified the +7 flail "Naxof" {drain, rElec rF+ Will-
                  | Dex+2}
  9827 | D:10     | Entered Level 10 of the Dungeon
  9914 | D:10     | Reached skill level 10 in Fighting
  9960 | D:10     | Noticed a two-headed ogre
  9988 | D:10     | Killed a two-headed ogre
 10064 | D:10     | Identified the +5 ring mail of Terror {rF+ rC- Will+}
 10087 | D:10     | You fall into a shaft and drop 2 floors!
 10118 | D:12     | Found Vontyr's Armour Emporium.
 10129 | D:12     | Reached skill level 10 in Dodging
 10129 | D:12     | Reached XP level 12. HP: 126/126 MP: 11/11
 10196 | D:12     | Demolished by a large slime creature

Illustrated notes

Levels and vault maps discovered:
D:1:      wander_arrival_peaceful_grave, layout_basic, hex_intersection
D:2:      layout_loops_cross
D:3:      minmay_goblin_kobold_castle, layout_loops_ring, serial_shops, shop
D:4:      minmay_bubble_buster, layout_basic, ashenzari_conservatory_becter
D:5:      layout_loops_cross, nicolae_elyvilon_temple_path,
          minmay_temple_entry_statues_pillars
D:6:      layout_gridville, nicolae_qazlal_scattered_showers,
          minmay_misc_feat_pillars, minmay_misc_feat_alley,
          nicolae_nh_oracle_at_delphi
D:7:      layout_basic, mainiacjoe_overflow_catwalk_spiral,
          gup_ossuary_entry_pyramid, uniq_crazy_yiuf_cottage
D:8:      kennysheep_town
D:9:      minmay_the_grid_triangle_9x9_recursive_2_mashed
          [minmay_the_grid_triangle_9x9_prize_insulated,
          minmay_the_grid_triangle_9x9_sprig,
          minmay_the_grid_triangle_9x9_flanged_cone,
          minmay_the_grid_triangle_9x9_from_above], layout_loops_ring,
          kennysheep_slug_shrine
D:10:     nzn_winding_woodlands_small [nzn_winding_woodlands_5x15_default,
          nzn_winding_woodlands_center_lodge,
          nzn_winding_woodlands_5x15_crooked], layout_rooms, st_stairs_4
D:12:     layout_loops_ring, hiddenorc1_lemuel, serial_shops,
          nicolae_take_the_stairs, st_stairs_13

Skill      XL: |  1  2  3  4  5  6  7  8  9 10 11 |
---------------+----------------------------------+-----
Fighting       | 3 4 5 6 7 8 10 | 10.1
Dodging        | 3 4 5 6 7 8 10 | 10.0
Unarmed Combat | 4 5 6 7 8 10 11 | 11.7

Action                     |  1- 3 |  4- 6 |  7- 9 | 10-12 || total
---------------------------+-------+-------+-------+-------++-------
  Melee: Unarmed           |    92 |   208 |   284 |   358 ||   942
         Punch             |     2 |     5 |    11 |    19 ||    37
 Invoke: Berserk           |       |       |       |     3 ||     3
         Brothers in Arms  |       |       |       |     1 ||     1
  Evoke: Wand              |       |       |     1 |     2 ||     3
    Use: Scroll            |     4 |       |     9 |     4 ||    17
         Potion            |       |       |       |     6 ||     6
   Stab: Paralysed         |       |       |     3 |     1 ||     4
 Armour: Animal skin       |    31 |    51 |    84 |    92 ||   258
         Troll leather arm |       |       |       |     2 ||     2
  Dodge: Dodged            |    50 |   135 |   181 |   218 ||   584

Table legend: (Time is in decaauts)
 A = Elapsed time spent in this place.
 B = Non-inter-level travel time spent in this place.
 C = Inter-level travel time spent in this place.
 D = Time resting spent in this place.
 E = Time spent auto-exploring this place.
 F = Levels seen in this place.
 G = Mean time per level.
                   A        B        C        D        E       F      G
               +--------+--------+--------+--------+--------+-----+--------+
         Total |  10111 |   9842 |    269 |    759 |   6522 |  12 |  842.6 |
       Dungeon |   9874 |   9605 |    269 |    709 |   6441 |  11 |  897.6 |
       Ossuary |    237 |    237 |      0 |     50 |     81 |   1 |  237.0 |
               +--------+--------+--------+--------+--------+-----+--------+

Top non-repeatable levels by time:
     D:8: 2324 daAuts
     D:9: 1182 daAuts
     D:3: 1133 daAuts
     D:4: 973 daAuts
     D:6: 909 daAuts
     D:5: 872 daAuts
     D:1: 776 daAuts
     D:7: 772 daAuts
     D:2: 577 daAuts
    D:10: 246 daAuts
 Ossuary: 237 daAuts
    D:12: 105 daAuts
